AoeStats
← Juanfreelance

African Clearing

507001415Analyzed
4v4 RM · 16d ago on Sep 16, 2026· 26m 21s· 8 players
Game mode
Random Map
Map size
Large (8 player)
Population
200
Speed
Normal
Resources
Standard
Victory
Conquest
Starting age
Dark Age
Ending age
Imperial Age
RankedLock teamsTeams togetherTeam positionsShared explorationLock speedFull tech treeHidden civsTurbo modeCheats
Victory
Defeat
🇨🇳 Burgundians · China
1361
+10
🇨🇳 Magyars · China
1334
+12
🇨🇳 Mapuche · China
1107
+21
🇨🇳 Vietnamese · China
991
+25
🇵🇦 Armenians · Panama
1261
-19
🇨🇴 Vietnamese · Colombia
1229
-17
1219
-17
🇨🇴 Persians · Colombia
1173
-15
豹豹是只大猫咪
10:19 Loom
13:23 Feudal Age
14:16 Town Watch
19:58 Castle Age
18:44 Double-Bit Axe
20:49 Scale Barding Armor
23:14 Fletching
抹茶gap人
7:46 Double-Bit Axe
10:54 Loom
13:12 Feudal Age
16:51 Castle Age
15:19 Bow Saw
15:44 Scale Barding Armor
17:37 Horse Collar
20:05 Forging
25:06 Chain Barding Armor
The_Centaur
10:15 Loom
14:03 Feudal Age
18:00 Castle Age
海哥
14:28 Feudal Age
15:05 Double-Bit Axe
19:08 Castle Age
17:30 Fishing Lines
20:05 Loom
21:05 Gold Mining
22:04 Gillnets
24:24 Horse Collar
25:09 Heavy Plow
27:07 Wheelbarrow
Juanfreelance
6:55 Loom
14:00 Feudal Age
14:59 Double-Bit Axe
15:09 Gold Mining
27:59 Castle Age
FC_CamShaca
3:59 Loom
13:43 Feudal Age
14:13 Town Watch
14:38 Double-Bit Axe
18:47 Horse Collar
24:20 Castle Age
FC_Jos3
3:41 Loom
13:14 Feudal Age
14:07 Double-Bit Axe
18:02 Fletching
25:27 Castle Age
23:46 Horse Collar
24:32 Padded Archer Armor
25:53 Crossbowman
FC_Proyecto_El_Conquistador_X
4:47 Loom
12:47 Feudal Age
16:52 Castle Age
15:31 Double-Bit Axe
Connection lost

Rejoining the realm…

Still unreachable

The connection could not be restored.

Session expired

The server has moved on; the page needs a fresh start.